 Dungeon Crawl Stone Soup version 0.28.0-47-ge53b351184 (webtiles) character file.

Game seed: 9146112276557661852

766 Descartes the Shield-Bearer (level 8, -4/56 HPs)
             Began as a Formicid Warper on May 9, 2022.
             Was an Initiate of Gozag.
             Slain by an ogre
             ... wielding a +0 giant club
              (24 damage)
             ... on level 5 of the Dungeon.
             The game lasted 00:06:59 (6067 turns).

Descartes the Shield-Bearer (Formicid Warper)       Turns: 6067, Time: 00:07:00

Health: -4/56      AC: 13    Str: 17    XL:     8   Next: 8%
Magic:  11/11      EV:  2    Int: 14    God:    Gozag
Gold:   307        SH: 12    Dex: 10    Spells: 11/11 levels left

rFire   . . .      SeeInvis +   a - +0 mace
rCold   + . .      Faith    .   C - +0 tower shield
rNeg    . . .      Spirit   .   b - +0 plate armour
rPois   .          Reflect  .   (helmet unavailable)
rElec   .          Harm     .   t - +0 cloak
rCorr   .          Rampage  .   (no gloves)
Will    .....                   (no boots)
Stlth   ..........              s - amulet of regeneration
HPRegen 0.98/turn               r - ring of protection from cold
MPRegen 0.12/turn               (no ring)

@: no status effects
A: permanent stasis, dig shafts and tunnels, antennae 3, four strong arms
a: Dig, Shaft Self, Renounce Religion, Potion Petition, Call Merchant, Bribe
Branch


You were on level 5 of the Dungeon.
You worshipped Gozag.
Gozag was aware of your devotion.
You visited 2 branches of the dungeon, and saw 6 of its levels.

You collected 362 gold pieces.
You paid 55 gold pieces to Gozag.

Inventory:

Hand Weapons
 a - a +0 mace (weapon)
Missiles
 c - 5 boomerangs of dispersal (quivered)
 f - 92 stones
 l - 83 sling bullets
 o - 45 bolts
 u - 17 arrows
 x - 3 silver boomerangs
 y - 4 curare-tipped darts
Armour
 b - a +0 plate armour (worn)
 n - a scarf of harm
 t - a +0 cloak (worn)
 C - a +0 tower shield (worn)
Magical Staves
 h - a staff of earth
Jewellery
 r - a ring of protection from cold (left hand)
 s - an amulet of regeneration (around neck)
 z - a ring of fire
Wands
 q - a wand of paralysis (2)
Scrolls
 d - 4 scrolls of blinking {unknown}
 e - a scroll of enchant weapon {unknown}
 j - 6 scrolls of identify {unknown}
 k - a scroll of teleportation {unknown}
 m - 2 scrolls of silence {unknown}
 v - a scroll of holy word {unknown}
 A - a scroll of amnesia {unknown}
 B - a scroll of magic mapping {unknown}
Potions
 g - 2 potions of mutation {unknown}
 i - a potion of magic
 p - a potion of heal wounds {unknown}
 w - a potion of curing {unknown}


   Skills:
 - Level 2.1 Fighting
 + Level 4.6 Maces & Flails
 - Level 1.0 Throwing
 + Level 4.5 Armour
 - Level 1.7 Dodging
 + Level 4.8 Shields
 - Level 2.1 Spellcasting
 + Level 4.6 Translocations


You had 11 spell levels left.
You didn't know any spells.
Your spell library contained the following spells:

 Spells                   Type           Power      Damage    Failure   Level
 Beastly Appendage        Tmut           2%         N/A       100%        1
 Wereblood                Tmut           1%         N/A       100%        2
 Gell's Gravitas          Tloc           14%        N/A       100%        3
 Lesser Beckoning         Tloc           14%        N/A       100%        3
 Spider Form              Tmut/Pois      1%         N/A       100%        3
 Teleport Other           Tloc           14%        N/A       100%        3
 Manifold Assault         Tloc           14%        N/A       100%        5
 Blink                    Tloc           Unusable   N/A       N/A         2

Dungeon Overview and Level Annotations

Branches:
Dungeon (5/15)             Temple (1/1) D:4

Altars:
Ashenzari
Elyvilon
Fedhas
Gozag
Hepliaklqana
Kikubaaqudgha
Makhleb
Nemelex Xobeh
Okawaru
Qazlal
Ru
Sif Muna
Trog
Uskayaw
Vehumet
Xom
Yredelemnul
Zin


Innate Abilities, Weirdness & Mutations

You cannot be hasted, slowed, berserked, paralysed or teleported.
You can dig through walls and to a lower floor.
You have a pair of large antennae on your head. (SInv)
Your four strong arms can wield two-handed weapons with a shield.


Message History

You are too injured to fight recklessly!
You are too injured to fight recklessly!
You are too injured to fight recklessly!
You are too injured to fight recklessly!
You are too injured to fight recklessly!
You are too injured to fight recklessly!
You are too injured to fight recklessly!
You are too injured to fight recklessly!
You are too injured to fight recklessly!
You are too injured to fight recklessly!
You are too injured to fight recklessly!
You are too injured to fight recklessly!
You barely miss the ogre.
The ogre is moderately wounded.
You block the ogre's attack.
You sock the ogre!
The ogre is heavily wounded.
You block the ogre's attack.
You barely miss the ogre.
The ogre is heavily wounded.
The ogre hits you with a +0 giant club!
* * * LOW HITPOINT WARNING * * *
You block the ogre's attack.
You barely miss the ogre.
The ogre is heavily wounded.
You block the ogre's attack.
You hit the ogre.
The ogre is heavily wounded.
You block the ogre's attack.
You hit the ogre but do no damage.
The ogre is heavily wounded.
The ogre hits you but does no damage.
You barely miss the ogre.
The ogre is heavily wounded.
You block the ogre's attack.
You barely miss the ogre.
The ogre is heavily wounded.
The ogre hits you with a +0 giant club!!
You die...
Your body crumbles into a pile of gold.

##...#..............##......
..........#.....##.#.#......
........###....###......>...
..#.....###.....##........#.
#...#..###.....##......##.
#.....##...#.##.....##...##.
.....###.....#..............
....# #..............<......
...# ##...@O....##.........
... #.....................
##....................
##.........##.....###
..#.#......#........ .......
....##....#...##.....
........
..#####.##............
......... .## ##...##.##
...#..# .........
#....##..###.......


You could see an ogre.

Vanquished Creatures
  Grinder (D:3)
  A necrophage (D:4)
  A water moccasin skeleton (D:4)
  A howler monkey (D:5)
  A hound (D:4)
  A jelly (D:5)
  A gnoll shaman (Temple)
  3 iguanas
  An orc wizard (D:4)
  8 gnolls
  6 adders
  An ufetubus (D:4)
  An adder skeleton (D:4)
  A worm (D:4)
  3 dart slugs
  4 orcs
  10 endoplasms
  5 giant cockroaches
  4 goblins
  9 hobgoblins
  A quokka (D:3)
  2 ball pythons (D:2)
  7 bats
  4 frilled lizards
  3 kobolds
  6 rats
86 creatures vanquished.

Vanquished Creatures (others)
  8 plants (D:4)
8 creatures vanquished.

Grand Total: 94 creatures vanquished

Notes
Turn   | Place    | Note
-------+----------+-------------------------------------------
     0 | D:1      | Descartes the Formicid Warper began the quest for the Orb.
     0 | D:1      | Reached XP level 1. HP: 16/16 MP: 3/3
   362 | D:1      | Reached XP level 2. HP: 12/22 MP: 5/5
   543 | D:1      | Found a faded altar of an unknown god.
   699 | D:1      | Reached skill level 1 in Shields
  1001 | D:1      | Reached XP level 3. HP: 27/27 MP: 6/6
  2007 | D:2      | Reached XP level 4. HP: 23/33 MP: 7/7
  2691 | D:3      | Noticed Grinder
  2715 | D:3      | Killed Grinder
  2716 | D:3      | Reached XP level 5. HP: 8/38 MP: 8/8
  2716 | D:3      | Reached XP level 6. HP: 9/44 MP: 9/9
  3577 | D:4      | Noticed a necrophage
  3596 | D:4      | Killed a necrophage
  3597 | D:4      | Reached XP level 7. HP: 34/50 MP: 10/10
  4203 | D:4      | Found a staircase to the Ecumenical Temple.
  4212 | Temple   | Entered the Ecumenical Temple
  4247 | Temple   | Became a worshipper of Gozag Ym Sagoz the Greedy
  4910 | D:4      | Found a bloodstained altar of Trog.
  4912 | D:4      | Found a burning altar of Makhleb.
  5684 | D:5      | Entered Level 5 of the Dungeon
  5884 | D:5      | Reached XP level 8. HP: 56/56 MP: 11/11
  6067 | D:5      | Slain by an ogre

Illustrated notes

Levels and vault maps discovered:
D:1:      lemuel_arrival_room, layout_basic,
          hellmonk_ecumenical_altar_pennies_from_heaven, minmay_3d_cube
D:2:      layout_basic
D:3:      layout_loops_corners, uniq_grinder
D:4:      layout_loops_cross, grunt_temple_overflow_open,
          minmay_temple_entry_gardened_gates, kennysheep_generic_room_3
D:5:      layout_cave_pools, nicolae_dithmenos_shadow_blocks, serial_shops,
          nicolae_shop_window_shopping, nicolae_shop_overcharged_wands
Temple:   regret_index_temple_sphere_string

Skill      XL: |  1  2  3  4  5  6  7 |
---------------+----------------------+-----
Shields        | 1 3 4 |  4.8
Translocations | 3 4 |  4.6
Armour         | 2 3 4 |  4.5
Maces & Flails | 3 4 |  4.6
Fighting       | |  2.1
Throwing       | |  1.0
Dodging        | |  1.7
Spellcasting   | |  2.1

Action                   |  1- 3 |  4- 6 |  7- 9 || total
-------------------------+-------+-------+-------++-------
Melee: Mace              |   112 |    98 |   205 ||   415
       Punch             |     1 |     2 |     2 ||     5
  Use: Potion            |       |     6 |       ||     6
Armor: Leather armour    |    28 |     6 |       ||    34
       Chain mail        |       |    45 |    91 ||   136
       Plate armour      |       |       |    50 ||    50
Dodge: Dodged            |    83 |    56 |    57 ||   196
Block: Tower shield      |       |       |    96 ||    96
